 Dungeon Crawl Stone Soup version 0.21-a0-496-g696f58f (webtiles) character file.

21 sagitran the Sneak (level 2, 0/13 HPs)
             Began as a Spriggan Enchanter on Nov 23, 2017.
             Slain by a leopard gecko (4 damage)
             ... on level 2 of the Dungeon.
             The game lasted 00:05:57 (887 turns).

sagitran the Sneak (Spriggan Enchanter)              Turns: 887, Time: 00:05:59

Health: 0/13       AC:  2    Str:  4    XL:     2   Next: 62%
Magic:  6/6        EV: 18    Int: 16    God:
Gold:   77         SH:  0    Dex: 16    Spells: 3/6 levels left

rFire    . . .     SeeInvis +   a - +1 dagger
rCold    . . .     Gourm    .   (shield restricted)
rNeg     . . .     Faith    .   b - +0 robe
rPois    .         Spirit   .   (helmet restricted)
rElec    .         Reflect  .   (no cloak)
rCorr    .         Harm     .   (gloves unavailable)
MR       .....                  (boots unavailable)
Stlth    +++.......             (no amulet)
HPRegen  0.04/turn              (no ring)
MPRegen  0.10/turn              (no ring)

@: very quick
A: very small, unfitting armour, see invisible, herbivore 3, speed 3, slow
metabolism 2
a: no special abilities


You were on level 2 of the Dungeon.
You were not hungry.

You visited 1 branch of the dungeon, and saw 2 of its levels.

You collected 77 gold pieces.

Inventory:

Hand Weapons
 a - a +1 dagger (weapon)
 k - a +0 hunting sling
Armour
 b - a +0 robe (worn)
Scrolls
 g - a scroll of amnesia {unknown}
 h - a scroll of enchant weapon {unknown}
 i - 3 scrolls of identify {unknown}
 j - a scroll of fog {unknown}
 m - a scroll of remove curse {unknown}
 n - a scroll of immolation {unknown}
 p - 2 scrolls of blinking {unknown}
 q - a scroll of noise {unknown}
Potions
 e - a potion of ambrosia {unknown}
 f - 2 potions of heal wounds {unknown}
 o - a potion of curing {unknown}
 r - 2 potions of lignification {unknown}
Books
 c - a book of Maledictions

   Spells                             Type                      Level
   a - Corona                         Hexes                        1
   b - Ensorcelled Hibernation        Hexes/Ice                    2
   c - Confuse                        Hexes                        3
   d - Tukima's Dance                 Hexes                        3
   e - Dazzling Spray                 Conjuration/Hexes            3
Comestibles
 d - 3 bread rations
 l - a royal jelly


   Skills:
 + Level 1.2 Short Blades
 + Level 3.2 Dodging
 + Level 4.8 Stealth
 + Level 2.9 Spellcasting
 + Level 4.1 Hexes


You had 3 spell levels left.
You knew the following spells:

 Your Spells              Type           Power        Failure   Level  Hunger
a - Corona                Hex            ###....      3%          1    #......
b - Ensorcelled Hibernat  Hex/Ice        #.....       12%         2    ##.....


Dungeon Overview and Level Annotations

Branches:
Dungeon (2/15)

Altars:

Annotations:
D:2 Natasha


Innate Abilities, Weirdness & Mutations

You are very small and have problems with some larger weapons.
You are too small for most types of armour.
You have supernaturally acute eyesight. (SInv)
You are a herbivore.
You cover ground extremely quickly.
You need consume almost no food.


Message History

Moving in this stuff is going to be slow.
The leopard gecko hisses angrily.
Found a shield.
The leopard gecko bites you.
You barely miss the leopard gecko. The leopard gecko bites you.
You closely miss the leopard gecko. The leopard gecko misses you.
You closely miss the leopard gecko. The leopard gecko closely misses you.
You hit the leopard gecko.
The leopard gecko is lightly wounded.
The leopard gecko bites you.
You miss the leopard gecko.
The leopard gecko is lightly wounded.
The leopard gecko closely misses you. The leopard gecko misses you.
You closely miss the leopard gecko.
The leopard gecko is lightly wounded.
The leopard gecko misses you.
You hit the leopard gecko.
The leopard gecko is almost dead.
The leopard gecko bites you.
You die...

#...# #.. #. #.# ###..
#.####.#### ##....
###...##.(..####..#..
##...#.......#....##..
##.....<........#####..
##...................###
...[...l>..........≈≈≈≈≈
#.....@......#..≈≈.≈.≈.
##..........##[.≈≈≈≈≈≈≈
##...##...###..≈≈≈≈≈≈≈
#### ##### #≈.≈≈≈≈≈≈≈
#.≈≈≈≈≈≈.≈ #..≈≈≈≈_.≈
#.≈≈≈≈..≈≈ #.≈≈≈≈≈≈≈≈
#.≈≈≈≈≈≈≈≈


You could see a leopard gecko.

Vanquished Creatures
  2 dart slugs (D:1)
  A leopard gecko (D:1)
  A ball python (D:2)
  A giant cockroach (D:2)
  2 goblins
  2 hobgoblins
  2 bats (D:1)
  2 frilled lizards (D:1)
  2 rats (D:1)
15 creatures vanquished.

Notes
Turn   | Place    | Note
-------+----------+-------------------------------------------
     0 | D:1      | sagitran the Spriggan Enchanter began the quest for the Orb.
     0 | D:1      | Reached XP level 1. HP: 9/9 MP: 5/5
   207 | D:1      | Reached XP level 2. HP: 13/13 MP: 6/6
   212 | D:1      | Learned a level 2 spell: Ensorcelled Hibernation
   626 | D:2      | Noticed Natasha
   642 | D:2      | Noticed a crimson imp
   787 | D:2      | Found a faded altar of an unknown god.
   887 | D:2      | Slain by a leopard gecko

Vault maps used:
D:1:      scummos_arrival_star
D:2:      first_bread, chequers_ecumenical_altar_island, uniq_natasha

Skill      XL: |  1 |
---------------+----+-----
Hexes          | 4 |  4.1
Short Blades   | |  1.2
Dodging        | |  3.2
Stealth        | |  4.8
Spellcasting   | |  2.9

Action                   || total
-------------------------++-------
Melee: Dagger            ||    80
 Cast: Corona            ||     1
 Stab: Sleeping          ||     3
Armor: Robe              ||     4
Dodge: Dodged            ||    53

Table legend:
 A = Spawn XP
 B = Non-spawn XP
 C = Spawn XP percentage of total XP
 D = Spawn monster count
 E = Non-spawn monster count
 F = Spawn count percentage of total count
 G = Total turns spent on level
                    A         B        C        D         E        F      G
               +---------+---------+-------+---------+---------+-------+---------
         Total |       0 |      30 |   0.0 |       0 |      15 |   0.0 |   887
               +---------+---------+-------+---------+---------+-------+---------
           D:1 |       0 |      22 |   0.0 |       0 |      11 |   0.0 |   602
           D:2 |       0 |       8 |   0.0 |       0 |       4 |   0.0 |   285
               +---------+---------+-------+---------+---------+-------+---------
